 Dungeon Crawl Stone Soup version 0.31-a0-865-g3d5d91748a (webtiles) character file.

Game seed: 1035215292046706848

1087 arthad the Trooper (level 8, -9/43 HPs)
             Began as a Vine Stalker Fighter on Oct 11, 2023.
             Mangled by an ice beast (12 damage)
             ... on level 5 of the Dungeon.
             The game lasted 00:06:03 (3725 turns).

arthad the Trooper (Vine Stalker Fighter)           Turns: 3725, Time: 00:06:04

Health: -9/43      AC: 10    Str: 21    XL:     8   Next: 30%
Magic:  0/9        EV:  8    Int:  8    God:
Gold:   235        SH:  5    Dex: 14    Spells: 7/7 levels left

rFire   + . .        a - +0 war axe
rCold   . . .        c - +0 buckler
rNeg    . . .        D - +0 chain mail {Will+}
rPois   .            m - +0 helmet
rElec   .            (no cloak)
rCorr   .            (no gloves)
SInv    .            (no boots)
Will    ++...        (no amulet) Stlth
                     s - ring of protection from fire
HPRegen 1.07/turn    (no ring)
MPRegen 0.11/turn

%: guardian spirit
@: no status effects
A: fangs 3, regeneration 1, magic shield, antimagic bite, no potion heal 2
a: no special abilities


You were on level 5 of the Dungeon.
You visited 1 branch of the dungeon, and saw 5 of its levels.

You collected 235 gold pieces.

Inventory:

Hand Weapons
 a - a +0 war axe (weapon)
 v - a +1 whip of flaming
Missiles
 o - 8 boomerangs
 r - 4 poisoned darts (quivered)
 u - 2 javelins
Armour
 b - a +0 scale mail
 c - a +0 buckler (worn)
 m - a +0 helmet (worn)
 D - a +0 chain mail of willpower (worn)
Jewellery
 s - a ring of protection from fire (left hand)
Scrolls
 h - a scroll of butterflies {unknown}
 j - a scroll of amnesia {unknown}
 l - a scroll of revelation {unknown}
 p - a scroll of fear {unknown}
 q - a scroll of identify
 w - a scroll of fog {unknown}
 y - a scroll of vulnerability {unknown}
 A - a scroll of immolation {unknown}
 C - a scroll of teleportation {unknown}
Potions
 e - 4 potions of curing
 g - a potion of mutation {unknown}
 i - a potion of haste {unknown}
 k - 4 potions of heal wounds
 n - 3 potions of lignification {unknown}
 t - 2 potions of attraction {unknown}
 x - 4 potions of enlightenment {unknown}
 z - 2 potions of brilliance {unknown}
 B - a potion of degeneration {unknown}


   Skills:
 * Level 5.0 Fighting
 * Level 4.5 Axes
 + Level 0.4 Throwing
 * Level 4.5 Armour
 + Level 0.4 Dodging
 * Level 5.0 Shields


You had 7 spell levels left.
You didn't know any spells.
Your spell library contained the following spells:

 Spells                   Type           Power      Damage    Failure   Level
 Lesser Beckoning         Tloc           0%         N/A       99%         2
 Scorch                   Fire           0%         2d5       99%         2
 Gell's Gravitas          Tloc           0%         N/A       100%        3
 Teleport Other           Tloc           0%         N/A       100%        3
 Flame Wave               Conj/Fire      0%         2d4       100%        4
 Dispersal                Tloc           0%         N/A       100%        6
 Summon Cactus Giant      Summ           0%         N/A       100%        6


Dungeon Overview and Level Annotations

Branches:
Dungeon (5/15)
 Temple: D:4-7

Altars:
Cheibriados
Qazlal
Vehumet
Wu Jian


Innate Abilities, Weirdness & Mutations

You have razor-sharp teeth.
Your natural rate of healing is unusually fast.
When hurt, damage is shared between your health and your magic reserves.
Your bite disrupts and absorbs the magic of your enemies.
Potions cannot restore your health.


Message History

You bite the ice beast, but do no damage.
The ice beast is moderately wounded.
The ice beast hits you. The ice beast freezes you!
The ice beast hits you but does no damage.
You are too injured to fight recklessly!
You are too injured to fight recklessly!
You are too injured to fight recklessly!
You are too injured to fight recklessly!
You are too injured to fight recklessly!
You are too injured to fight recklessly!
You are too injured to fight recklessly!
You are too injured to fight recklessly!
You are too injured to fight recklessly!
You are too injured to fight recklessly!
You are too injured to fight recklessly!
You closely miss the ice beast. Your bite misses the ice beast.
The ice beast is moderately wounded.
The ice beast hits you. The ice beast freezes you!
* * * LOW HITPOINT WARNING * * *
Okay, then.
Okay, then.
It was a potion of cancellation.
You feel magically purged.
The ice beast hits you but does no damage.
You hit the ice beast. You bite the ice beast. You drain its power.
You feel invigorated.
The ice beast is heavily wounded.
The ice beast hits you but does no damage.
You hit the ice beast. Your bite misses the ice beast.
The ice beast is severely wounded.
The ice beast hits you.
* * * LOW HITPOINT WARNING * * *
The ice beast freezes you!
* * * LOW HITPOINT WARNING * * *
The ice beast hits you but does no damage.
You hit the ice beast but do no damage.
The ice beast is severely wounded.
The ice beast hits you.
* * * LOW HITPOINT WARNING * * *
The ice beast freezes you!
You die...

#........##..###########.
#........##>.# #......
#........##..# #......
#......)...#.# #......
#........#.#.# #......
##########.#.# #......
#########.#.## ######.
..........#..### #.
......Y@..##...#### #.
..........####....# ##
............#####.##
####......#.# ##..#####
#.######.# #......## .. #
#.#.##..# ## # ...#.###..
# #.####.# ##. #.#.#....#
#.


You could see an ice beast.

Vanquished Creatures
  A hornet (D:5)
  An ice beast (D:5)
  A black bear (D:5)
  An ogre (D:4)
  A phantom (D:5)
  3 scorpions
  2 howler monkeys
  2 hounds
  A jelly (D:5)
  An orc priest (D:4)
  An orc wizard (D:5)
  3 gnolls (D:2)
  6 adders
  3 ufetubi
  8 orcs
  6 ball pythons
  7 endoplasms
  5 giant cockroaches
  5 goblins
  3 hobgoblins
  3 kobolds
  4 quokkas
  7 bats
  A frilled lizard (D:1)
  2 rats
78 creatures vanquished.

Notes
Turn   | Place    | Note
-------+----------+-------------------------------------------
     0 | D:1      | arthad the Vine Stalker Fighter began the quest for the
                  | Orb.
     0 | D:1      | Reached XP level 1. HP: 11/11 MP: 2/2
   193 | D:1      | Reached XP level 2. HP: 10/16 MP: 3/3
  1048 | D:2      | Reached XP level 3. HP: 13/20 MP: 1/4
  1275 | D:2      | Reached XP level 4. HP: 24/24 MP: 5/5
  1686 | D:3      | Noticed a fire elemental
  1688 | D:3      | Found a stormy altar of Qazlal.
  1690 | D:3      | Noticed an earth elemental
  1690 | D:3      | Noticed a water elemental
  1690 | D:3      | Noticed an air elemental
  1918 | D:3      | You fall into a shaft and drop 2 floors!
  1918 | D:5      | Entered Level 5 of the Dungeon
  1940 | D:5      | Reached XP level 5. HP: 28/28 MP: 4/6
  2090 | D:5      | Reached XP level 6. HP: 25/33 MP: 5/7
  2645 | D:4      | Reached XP level 7. HP: 30/37 MP: 5/8
  3255 | D:4      | Found an ornate altar of the Wu Jian Council.
  3255 | D:4      | Found a radiant altar of Vehumet.
  3265 | D:5      | Noticed a hornet
  3273 | D:5      | Killed a hornet
  3474 | D:5      | Gained mutation: You have razor-sharp teeth. [Vine Stalker
                  | growth]
  3474 | D:5      | Reached XP level 8. HP: 37/42 MP: 6/9
  3529 | D:5      | Found a snail-covered altar of Cheibriados.
  3661 | D:5      | Reached skill level 5 in Fighting
  3720 | D:5      | Reached skill level 5 in Shields
  3725 | D:5      | Mangled by an ice beast

Illustrated notes

Levels and vault maps discovered:
D:1:      ncdulo_watergridlock, layout_basic
D:2:      layout_loops_corners
D:3:      layout_basic, nicolae_qazlal_style_of_elements
D:4:      layout_basic, gammafunk_temple_overflow_wave, serial_bayou,
          serial_bayou_lake_a, serial_bayou_pond_c, serial_bayou_shore_b,
          serial_bayou_lagoon_b
D:5:      layout_basic, chei_slow_surprise, minmay_misc_feat_plants,
          kennysheep_dice

Skill      XL: |  1  2  3  4  5  6  7  8 |
---------------+-------------------------+-----
Axes           | 2 3 4 |  4.5
Fighting       | 3 4 5 |  5.0
Shields        | 3 4 5 |  5.0
Armour         | 3 4 |  4.5
Throwing       | |  0.4
Dodging        | |  0.4

Action                     |  1- 3 |  4- 6 |  7- 9 || total
---------------------------+-------+-------+-------++-------
  Melee: War axe           |    52 |    89 |    90 ||   231
         Bite              |    12 |    27 |    26 ||    65
  Throw: Dart              |       |       |     2 ||     2
    Use: Scroll            |       |     1 |     2 ||     3
         Potion            |       |       |     3 ||     3
 Armour: Scale mail        |    35 |    74 |    29 ||   138
         Chain mail        |       |       |    51 ||    51
  Dodge: Dodged            |    21 |    39 |    38 ||    98
  Block: Buckler           |    10 |    17 |    28 ||    55

Table legend: (Time is in decaauts)
 A = Elapsed time spent in this place.
 B = Non-inter-level travel time spent in this place.
 C = Inter-level travel time spent in this place.
 D = Time resting spent in this place.
 E = Time spent auto-exploring this place.
 F = Levels seen in this place.
 G = Mean time per level.
                   A        B        C        D        E       F      G
               +--------+--------+--------+--------+--------+-----+--------+
         Total |   3862 |   3773 |     89 |    103 |   2979 |   5 |  772.4 |
       Dungeon |   3862 |   3773 |     89 |    103 |   2979 |   5 |  772.4 |
               +--------+--------+--------+--------+--------+-----+--------+

Top non-repeatable levels by time:
     D:2: 927 daAuts
     D:4: 924 daAuts
     D:5: 752 daAuts
     D:3: 693 daAuts
     D:1: 564 daAuts
